AoeStats
← nightmare

Arabia

509965094Analyzed
1v1 RM · 5d ago on Sep 28, 2026· 27m 34s· 2 players
Game mode
Random Map
Map size
Tiny (2 player)
Population
200
Speed
Normal
Resources
Standard
Victory
Conquest
Starting age
Dark Age
Ending age
Imperial Age
RankedLock teamsTeams togetherTeam positionsShared explorationLock speedFull tech treeHidden civsTurbo modeCheats
Victory
Defeat
🇧🇷 Franks · Brazil
948
+16
🇷🇸 Lithuanians · Serbia
956
-16
_Lupin_
7:42 Loom
10:19 Feudal Age
21:51 Castle Age
21:16 Forging
21:54 Pikeman
22:43 Double-Bit Axe
25:56 Scale Barding Armor
nightmare
8:17 Loom
10:30 Feudal Age
18:06 Castle Age
21:40 Bloodlines
24:08 Gold Mining
24:17 Pikeman
26:14 Forging
26:30 Scale Mail Armor
Connection lost

Rejoining the realm…

Still unreachable

The connection could not be restored.

Session expired

The server has moved on; the page needs a fresh start.